 Dungeon Crawl Stone Soup version 0.28-a0-1510-gd0f6b136d3 (webtiles) character file.

Game seed: 4317273241476185455

408 tatocazan the Covered (level 6, 0/60 HPs)
             Began as a Gargoyle Fighter on Jan 14, 2022.
             Was an Initiate of Okawaru.
             Slain by a two-headed ogre (14 damage)
             ... on level 5 of the Dungeon.
             The game lasted 00:03:55 (4531 turns).

tatocazan the Covered (Gargoyle Fighter)            Turns: 4531, Time: 00:03:55

Health: 0/60       AC: 23    Str: 22    XL:     6   Next: 88%
Magic:  6/6        EV:  2    Int:  8    God:    Okawaru [......]
Gold:   289        SH:  4    Dex:  9    Spells: 5/5 levels left

rFire   . . .      SeeInvis .   a - +1 flail
rCold   . . .      Faith    .   c - +0 buckler
rNeg    + . .      Spirit   .   (armour currently unavailable)
rPois   ∞          Reflect  .   (helmet currently unavailable)
rElec   .          Harm     .   (cloak currently unavailable)
rCorr   .          Rampage  .   (gloves currently unavailable)
Will    .....      NoTele   +   (boots currently unavailable)
Stlth   +.........              (no amulet)
HPRegen 0.20/turn               (no ring)
MPRegen 0.10/turn               (no ring)

@: tree-form
A: stationary, stasis, torment immunity, boosted hp, sickness immunity, AC +4,
negative energy resistance 1, (electricity resistance), torment resistance 1,
petrification resistance
a: Renounce Religion


You were on level 5 of the Dungeon.
You worshipped Okawaru.
Okawaru was noncommittal.
You were a tree.
You visited 1 branch of the dungeon, and saw 5 of its levels.

You collected 289 gold pieces.

Inventory:

Hand Weapons
 a - a +1 flail (weapon)
 o - a +2 war axe of flaming
Armour
 c - a +0 buckler (worn)
 d - a +0 pair of boots (melded)
 j - a +0 chain mail (melded)
 p - a +0 pair of gloves (melded)
Scrolls
 b - a scroll of acquirement {unknown}
 f - 5 scrolls of identify
 h - 2 scrolls of amnesia
 i - a scroll of enchant weapon
 l - 3 scrolls of fog {unknown}
Potions
 e - a potion of ambrosia
 m - 2 potions of might


   Skills:
 + Level 4.9 Fighting
 * Level 4.6 Maces & Flails
 + Level 5.0 Armour
 - Level 4.2 Shields
 + Level 0.0 Invocations


You had 5 spell levels left.
You didn't know any spells.
Your spell library contained the following spells:

 Spells                   Type           Power      Damage    Failure   Level
 Magic Dart               Conj           0%         1d3       50%         1
 Sandblast                Erth           0%         2d4       50%         1
 Passwall                 Tmut/Erth      0%         N/A       63%         2
 Searing Ray              Conj           0%         2d4       63%         2
 Stone Arrow              Conj/Erth      0%         3d7       86%         3
 Fulminant Prism          Conj/Hex       0%         3d6       99%         4


Dungeon Overview and Level Annotations

Branches:
Dungeon (5/15)
 Temple: D:4-7

Altars:
Cheibriados
Okawaru


Innate Abilities, Weirdness & Mutations

You are a tree.
Your roots penetrate the ground, keeping you stationary.
You cannot be teleported.
You are immune to unholy pain and torment.
Your maximum health is greatly increased.
Your equipment is partially melded.
You are immune to sickness and miasma.
((Your stone body is resilient. (AC +4)))
You are immune to poison.
You resist negative energy. (rN+)
((You are resistant to electric shocks. (rElec)))
You are resistant to unholy torment.
You are immune to petrification.


Message History

Aim: a two-headed ogre, wielding two +0 giant clubs (72% to hit, chance to blind on hit: 3%)
You throw an atropa-tipped dart.
The atropa-tipped dart hits the two-headed ogre.
The two-headed ogre resists.
Throw: 2 darts (atropa)
Press: ? - help, Q - select action Shift-Dir - straight line, f/p - two-headed ogre
Aim: a two-headed ogre, wielding two +0 giant clubs (72% to hit, chance to blind on hit: 3%)
You throw an atropa-tipped dart.
The atropa-tipped dart hits the two-headed ogre.
The two-headed ogre resists.
Throw: dart (atropa)
Press: ? - help, Q - select action Shift-Dir - straight line, f/p - two-headed ogre
Aim: a two-headed ogre, wielding two +0 giant clubs (72% to hit, chance to blind on hit: 3%)
You throw an atropa-tipped dart.
The atropa-tipped dart barely misses the two-headed ogre.
You hit the two-headed ogre but do no damage.
The two-headed ogre hits you with a +0 giant club!
The two-headed ogre barely misses you.
You take 12 damage, and have 28/40 hp.
MASSIVE DAMAGE!!
You hit the two-headed ogre.
The two-headed ogre is lightly wounded.
The two-headed ogre barely misses you.
The two-headed ogre hits you with a +0 giant club!
You take 9 damage, and have 19/40 hp.
MASSIVE DAMAGE!!
You are too injured to fight recklessly!
You are too injured to fight recklessly!
You aren't carrying any items that you can evoke.
It was a potion of lignification.
You turn into a tree.
Your +0 pair of gloves melds into your body.
Your +0 pair of boots melds into your body.
Your +0 chain mail melds into your body.
Your roots penetrate the ground.
The two-headed ogre hits you with a +0 giant club!!
* * * LOW HITPOINT WARNING * * *
The two-headed ogre hits you but does no damage.
You now have 8/60 hp.
It was a potion of curing.
You feel better. You block the two-headed ogre's attack.
The two-headed ogre hits you with a +0 giant club!
You die...

############
#......O♣..#
#.########.#
#.#<.....#.#
#.######.#.#
#.#......#.#
#(#.######.#
########(#........#
.......>.#.########
###.##.(#####


You could see a two-headed ogre.

Vanquished Creatures
  An ice beast (D:4)
  A scorpion (D:4)
  2 hounds (D:4)
  An iron imp (D:4)
  Terence (D:3)
  An iguana (D:4)
  7 adders
  5 worms
  A dart slug (D:2)
  An orc (D:4)
  3 ball pythons
  3 endoplasms
  2 giant cockroaches
  2 goblins
  7 hobgoblins
  A kobold (D:3)
  2 quokkas
  8 bats
  2 frilled lizards (D:2)
  2 rats
53 creatures vanquished.

Vanquished Creatures (others)
  A fungus (D:4)
  6 toadstools (D:4)
7 creatures vanquished.

Grand Total: 60 creatures vanquished

Notes
Turn   | Place    | Note
-------+----------+-------------------------------------------
     0 | D:1      | tatocazan the Gargoyle Fighter began the quest for the Orb.
     0 | D:1      | Reached XP level 1. HP: 14/14 MP: 1/1
   246 | D:1      | Found a faded altar of an unknown god.
   261 | D:1      | Reached XP level 2. HP: 15/19 MP: 2/2
   737 | D:2      | Reached XP level 3. HP: 23/23 MP: 3/3
  1061 | D:2      | Reached XP level 4. HP: 21/29 MP: 4/4
  1214 | D:2      | Reached skill level 4 in Armour
  1685 | D:3      | Noticed Terence
  1693 | D:3      | Killed Terence
  1908 | D:3      | You fall into a shaft and drop 1 floor!
  1923 | D:4      | Reached XP level 5. HP: 14/33 MP: 5/5
  2296 | D:4      | Found a snail-covered altar of Cheibriados.
  2420 | D:4      | Reached XP level 6. HP: 39/39 MP: 6/6
  2718 | D:4      | Noticed an ice beast
  2729 | D:4      | Killed an ice beast
  3724 | D:4      | Reached skill level 5 in Armour
  3977 | D:4      | Found an iron altar of Okawaru.
  4324 | D:4      | Became a worshipper of Warmaster Okawaru
  4439 | D:5      | Entered Level 5 of the Dungeon
  4439 | D:5      | Noticed a two-headed ogre
  4531 | D:5      | Slain by a two-headed ogre

Illustrated notes

Levels and vault maps discovered:
D:1:      heliophobic_arrival_battle_scene, layout_basic,
          hellmonk_ecumenical_altar_crossroads
D:2:      layout_loops_ring
D:3:      layout_loops_corners, kennysheep_decorative_pillar, uniq_terence
D:4:      layout_loops_cross, slow_altar_1, amcnicky_altar_gilded,
          minmay_gold_behind_fungi
D:5:      layout_basic, ebering_ghost_sewer_f, uniq_blork_the_orc

Skill      XL: |  1  2  3  4  5  6 |
---------------+-------------------+-----
Armour         | 4 5 |  5.0
Fighting       | 4 |  4.9
Shields        | 4 |  4.2
Maces & Flails | 3 4 |  4.6

Action                   |  1- 3 |  4- 6 || total
-------------------------+-------+-------++-------
Melee: Flail             |    89 |   110 ||   199
Throw: Dart              |       |     5 ||     5
  Use: Scroll            |       |     4 ||     4
       Potion            |       |     3 ||     3
Armor: Scale mail        |    49 |     7 ||    56
       Chain mail        |       |    51 ||    51
       Skin              |       |     1 ||     1
Dodge: Dodged            |    54 |    37 ||    91
Block: Buckler           |    26 |    26 ||    52

Table legend: (Time is in decaauts)
 A = Elapsed time spent in this place.
 B = Non-inter-level travel time spent in this place.
 C = Inter-level travel time spent in this place.
 D = Time resting spent in this place.
 E = Time spent auto-exploring this place.
 F = Levels seen in this place.
 G = Mean time per level.
                   A        B        C        D        E       F      G
               +--------+--------+--------+--------+--------+-----+--------+
         Total |   4591 |   4434 |    157 |   1150 |   2741 |   5 |  918.2 |
       Dungeon |   4591 |   4434 |    157 |   1150 |   2741 |   5 |  918.2 |
               +--------+--------+--------+--------+--------+-----+--------+

Top non-repeatable levels by time:
     D:4: 1935 daAuts
     D:3: 1028 daAuts
     D:2: 815 daAuts
     D:1: 740 daAuts
     D:5: 70 daAuts
